 Dungeon Crawl Stone Soup version 0.19-a0-585-ge40200b (webtiles) character file.

59804 Duffy the Severer (level 14, 129/129 HPs)
             Began as a Deep Dwarf Gladiator on June 10, 2016.
             Was the Champion of Makhleb.
             Quit the game on level 8 of the Lair of Beasts.
             The game lasted 00:40:52 (19144 turns).

Duffy the Severer (Deep Dwarf Gladiator)           Turns: 19144, Time: 00:40:53

Health: 129/129    AC: 23    Str: 20    XL:     14   Next: 54%
Magic:  20/20      EV: 14    Int:  9    God:    Makhleb [******]
Gold:   1518       SH:  0    Dex: 22    Spells: 0 memorised, 13 levels left

rFire  + . .     SeeInvis .     a - +1 war axe of Fate {speed, MR+}
rCold  . . .     Gourm    .     m - +3 plate armour {rPois}
rNeg   + . .     Faith    +     (no shield)
rPois  +         Spirit   .     C - +1 hat of the Serpent {rF+}
rElec  .         Dismiss  .     M - +0 cloak
rCorr  .         Reflect  .     (no gloves)
SustAt .         Harm     .     r - +0 pair of boots
MR     ++++.                    c - amulet of faith
Stlth  ..........               w - +5 ring of dexterity
                                E - ring of protection from magic

@: non-regenerating, incredibly resistant to hostile enchantments, extremely
unstealthy
A: damage resistance, recharge devices, negative energy resistance 1, sense
surroundings 2, slow regeneration 3
a: Device Recharging, Minor Destruction, Lesser Servant of Makhleb, Major
Destruction, Greater Servant of Makhleb, Renounce Religion


You were on level 8 of the Lair of Beasts.
You worshipped Makhleb.
Makhleb was exalted by your worship.
You were not hungry.

You visited 2 branches of the dungeon, and saw 20 of its levels.
You also visited: Sewer, Bailey, Ice Cave and Volcano.

You collected 1651 gold pieces.
You spent 133 gold pieces at shops.


Innate Abilities, Weirdness & Mutations

You are resistant to damage.
You can recharge devices by infusing magical energy.
You resist negative energy. (rN+)
You passively map the area around you.
You do not regenerate naturally.


   Skills:
 + Level 9.4 Fighting
 + Level 17.3 Axes
 - Level 1.8 Throwing
 + Level 13.8 Armour
 + Level 11.0 Dodging
 - Level 8.8 Invocations


You had 13 spell levels left.
You didn't know any spells.

Inventory:

Hand Weapons
 a - the +1 war axe of Fate (weapon) {speed, MR+} Attacks with this weapon are significantly faster. It affects your resistance to hostile enchantments.
 b - the +11 dire flail "Wuhaguq" {venom, +Blink rElec Int-5}

   It poisons the flesh of those it strikes.
   It affects your intelligence (-5).
   It insulates you from electricity.
   It lets you blink.
 I - a +2 war axe of flaming
 U - a +0 blowgun
Missiles
 d - 5 throwing nets
 l - 115 poisoned needles
 s - 28 javelins of returning (quivered)
 V - 18 javelins
Armour
 m - a +3 plate armour of poison resistance (worn)
 n - a +2 plate armour of fire resistance
 r - a +0 pair of boots (worn)
 C - the +1 hat of the Serpent (worn) {rF+}

   It protects you from fire.
 M - a +0 cloak (worn)
Jewellery
 c - an amulet of faith (around neck)
 w - a +5 ring of dexterity (right hand)
 E - a ring of protection from magic (left hand)
 Y - an uncursed ring of protection from fire
Wands
 e - a wand of heal wounds (5/9)
 i - a wand of lightning (9/15)
 p - a wand of hasting (2/9)
 O - a wand of disintegration (9/24)
Scrolls
 k - 10 scrolls of remove curse
 o - 3 scrolls of blinking
 q - a scroll of vulnerability
 t - a scroll of recharging
 y - 7 scrolls of fear
 B - 3 scrolls of fog
 D - a scroll of summoning
 F - 9 scrolls of enchant weapon
 H - a scroll of silence
 J - 7 scrolls of teleportation
 L - a scroll of magic mapping
 S - 3 scrolls of enchant armour
Potions
 g - a potion of heal wounds
 h - 2 potions of might
 j - a potion of ambrosia
 u - 4 potions of haste
 v - 4 potions of flight
 x - 10 potions of curing
 z - 5 potions of magic
 K - 4 potions of resistance
 T - 2 potions of cancellation
 W - 2 potions of invisibility
 X - 6 potions of agility
Comestibles
 f - 7 bread rations
 A - 3 slices of pizza
 G - 9 royal jellies
 P - 17 fruits
 Q - 3 beef jerkies
 R - 7 meat rations

Dungeon Overview and Level Annotations

Branches:
Dungeon (12/15)            Temple (0/1) D:6            Lair (8/8) D:8
  Swamp (0/4) Lair:5        Snake (0/4) Lair:6          Orc (0/2) D:12
  Slime: Lair:6-8

Altars:
Ashenzari
Dithmenos
Elyvilon
Gozag
Hepliaklqana
Kikubaaqudgha
Makhleb
Okawaru
Pakellas
Qazlal
Ru
Sif Muna
Trog
Xom
Zin
The Shining One

Shops:
D:6 *

Portals:
Trove: D:11 (give +7 demon trident)

Annotations:
D:12 exclusion: door
Lair:7 exclusion: oklob plant


Message History

The komodo dragon bites you but does no damage.
You closely miss the komodo dragon.
The komodo dragon bites you but does no damage.
You barely miss the komodo dragon. You slash the komodo dragon!
The komodo dragon is moderately wounded.
You hit the komodo dragon but do no damage.
The komodo dragon is moderately wounded.
The komodo dragon bites you but does no damage.
You hit the komodo dragon but do no damage.
The komodo dragon is moderately wounded.
You completely miss the komodo dragon.
The komodo dragon is moderately wounded.
The komodo dragon bites you but does no damage.
You barely miss the komodo dragon.
The komodo dragon is moderately wounded.
You hit the komodo dragon.
The komodo dragon is moderately wounded.
The komodo dragon bites you but does no damage.
You hit the komodo dragon.
The komodo dragon is moderately wounded.
You closely miss the komodo dragon.
The komodo dragon is moderately wounded.
The komodo dragon completely misses you.
You hit the komodo dragon.
The komodo dragon is heavily wounded.
You hit the komodo dragon.
The komodo dragon is heavily wounded.
The komodo dragon bites you!
A komodo dragon is nearby!
A komodo dragon is nearby!
A komodo dragon is nearby!
You slash the komodo dragon!
The komodo dragon is almost dead.
You slash the komodo dragon!
You kill the komodo dragon!
Makhleb accepts your kill.
You feel better.
Your Dodging skill increases to level 11!
Key pressed, stopping explore.
Key pressed, stopping explore.
You see here a hydra corpse.
Key pressed, stopping explore.
You found a teleport trap!
All of the chunks of flesh in your inventory have rotted away.
Partly explored, can't reach some places.
Partly explored, can't reach some places.
Partly explored, can't reach some places.
Partly explored, can't reach some places.
Are you sure you want to abandon this character and quit the game? (Confirm with "yes".)

................##..# #((...%8.#.
..P....PP....#.###..###..8..8..##
..P.###.......## #...###..%..##.#
...## #############.%###.8.....##
...P#####..#.###.###..###...8....
....P..........#...##...###..%...
..^.................#.....###.%..
................P...##......#####
.P.P.....P..P...@PP..##..........
.#PP..P..PP.#.#.PP.P####P........
####..#PP##..##P##### #######...
############## ####


There were no monsters in sight!

Action                   |  1- 3 |  4- 6 |  7- 9 | 10-12 | 13-15 || total
-------------------------+-------+-------+-------+-------+-------++-------
Melee: War axe           |    83 |   198 |   449 |  1138 |  1070 ||  2938
       Dire flail        |       |       |       |       |    66 ||    66
Invok: Lesser Servant of |       |       |       |       |     5 ||     5
Evoke: Wand              |       |     1 |    10 |     4 |     7 ||    22
  Use: Scroll            |       |     4 |    15 |    16 |    10 ||    45
       Potion            |       |       |     3 |     4 |       ||     7
 Stab: Confused          |       |       |       |     2 |       ||     2
       Distracted        |       |       |       |       |     5 ||     5
  Eat: Chunk             |     1 |     6 |     9 |    20 |    20 ||    56
       Beef jerky        |       |       |     1 |       |       ||     1
       Pizza             |       |       |     1 |     1 |       ||     2
Armor: Chain mail        |    46 |   132 |    24 |       |       ||   202
       Plate armour      |       |       |   252 |   447 |   362 ||  1061
Dodge: Dodged            |    42 |    97 |   186 |   377 |   374 ||  1076

Notes
Turn   | Place    | Note
--------------------------------------------------------------
     0 | D:1      | Duffy the Deep Dwarf Gladiator began the quest for the Orb.
     0 | D:1      | Reached XP level 1. HP: 19/19 MP: 1/1
   242 | D:1      | Reached skill level 1 in Armour
   393 | D:1      | Reached XP level 2. HP: 26/26 MP: 2/2
   987 | D:2      | Reached skill level 4 in Axes
   991 | D:2      | Reached skill level 2 in Armour
  1007 | D:2      | Found a sacrificial altar of Ru.
  1018 | D:2      | Reached XP level 3. HP: 25/32 MP: 3/3
  1046 | D:2      | Noticed Jessica
  1053 | D:2      | Killed Jessica
  1121 | D:2      | Reached XP level 4. HP: 30/39 MP: 4/4
  1365 | D:3      | Found a white marble altar of Elyvilon.
  1412 | D:3      | Reached skill level 3 in Armour
  1440 | D:3      | Found a shattered altar of Ashenzari.
  1470 | D:3      | Found a hazy altar of Hepliaklqana.
  1473 | D:3      | Found an ancient bone altar of Kikubaaqudgha.
  1492 | D:3      | Found a shadowy altar of Dithmenos.
  1526 | D:3      | Found a shimmering altar of Xom.
  1560 | D:3      | Found a glowing drain.
  1574 | Sewer    | Entered a sewer
  1593 | Sewer    | Reached skill level 5 in Axes
  1601 | Sewer    | Reached XP level 5. HP: 19/45 MP: 5/5
  1810 | Sewer    | Reached skill level 4 in Armour
  2193 | Sewer    | Reached XP level 6. HP: 42/52 MP: 6/6
  2212 | Sewer    | Reached skill level 6 in Axes
  2597 | D:3      | Found an oddly glowing altar of Pakellas.
  2650 | D:3      | Reached skill level 5 in Armour
  2700 | D:3      | Noticed an angel
  2702 | D:3      | Found a glowing silver altar of Zin.
  2963 | D:4      | Reached XP level 7. HP: 26/58 MP: 7/7
  3105 | D:4      | Reached skill level 7 in Axes
  3105 | D:4      | Reached skill level 6 in Armour
  3308 | D:4      | Noticed Natasha
  3455 | D:4      | Reached skill level 7 in Armour
  3469 | D:4      | Reached XP level 8. HP: 52/66 MP: 8/8
  3499 | D:4      | Found a burning altar of Makhleb.
  3502 | D:4      | Became a worshipper of Makhleb the Destroyer
  3630 | D:5      | Entered Level 5 of the Dungeon
  3689 | D:5      | Reached skill level 8 in Axes
  3743 | D:4      | Killed Natasha
  3950 | D:5      | Found a deep blue altar of Sif Muna.
  3974 | D:5      | Found a glowing golden altar of the Shining One.
  4451 | D:6      | Found Ines's General Store.
  4454 | D:6      | Noticed Grinder
  4487 | D:6      | Reached * piety under Makhleb
  4487 | D:6      | Reached skill level 8 in Armour
  4500 | D:6      | Killed Grinder
  4500 | D:6      | Reached skill level 9 in Axes
  4775 | D:6      | Found a staircase to the Ecumenical Temple.
  5147 | D:6      | Reached skill level 9 in Armour
  5147 | D:6      | Gained mutation: You passively map the area around you. [Deep Dwarf growth]
  5147 | D:6      | Reached XP level 9. HP: 36/73 MP: 9/9
  5215 | D:6      | Bought a scroll of summoning for 133 gold pieces
  5255 | D:7      | Found a flagged portal.
  5270 | Bailey   | Entered a bailey
  5316 | Bailey   | Reached skill level 10 in Axes
  5317 | Bailey   | Reached ** piety under Makhleb
  5774 | Bailey   | Reached skill level 10 in Armour
  5860 | Bailey   | Reached skill level 2 in Fighting
  5992 | Bailey   | Reached skill level 3 in Fighting
  6202 | D:7      | Reached skill level 11 in Axes
  6262 | D:7      | Reached skill level 4 in Fighting
  6267 | D:7      | Got a faintly glowing war axe
  6268 | D:7      | Identified the cursed +1 war axe of Fate {speed, MR+} (You found it on level 7 of the Dungeon)
  6355 | D:7      | Reached *** piety under Makhleb
  6376 | D:7      | Found a bloodstained altar of Trog.
  6439 | D:7      | Found an opulent altar of Gozag.
  6452 | D:7      | Reached XP level 10. HP: 86/87 MP: 10/10
  6543 | D:7      | Found a bloodstained altar of Trog.
  6877 | D:8      | Noticed a hill giant
  6948 | D:8      | Killed a hill giant
  6948 | D:8      | Reached skill level 5 in Fighting
  7072 | D:8      | Found an iron altar of Okawaru.
  7158 | D:8      | Found a staircase to the Lair.
  7158 | D:8      | Noticed an elephant
  7180 | D:8      | Reached **** piety under Makhleb
  7180 | D:8      | Reached skill level 12 in Axes
  7189 | D:8      | Killed an elephant
  7204 | D:8      | Reached skill level 6 in Fighting
  7247 | D:8      | Found a stormy altar of Qazlal.
  7564 | D:8      | Reached skill level 7 in Fighting
  7634 | D:8      | Reached skill level 13 in Axes
  7934 | D:9      | Reached ***** piety under Makhleb
  7934 | D:9      | Reached XP level 11. HP: 85/100 MP: 11/11
  8068 | D:9      | Paralysed by a wasp for 3 turns
  8626 | D:10     | Entered Level 10 of the Dungeon
  9190 | D:10     | Reached skill level 4 in Dodging
  9378 | D:10     | Noticed a hill giant
  9389 | D:10     | Killed a hill giant
  9781 | D:11     | Reached skill level 14 in Axes
  9961 | D:11     | Noticed a hill giant
  9972 | D:11     | Killed a hill giant
  9972 | D:11     | Reached skill level 5 in Dodging
 10106 | D:11     | Noticed a hill giant
 10114 | D:11     | Killed a hill giant
 10224 | D:11     | Found a portal to a secret trove of treasure.
 10363 | D:12     | Noticed Gastronok
 10372 | D:11     | Reached skill level 11 in Armour
 10397 | D:12     | Killed Gastronok
 10397 | D:12     | Reached skill level 6 in Dodging
 10448 | D:12     | Found a staircase to the Orcish Mines.
 10591 | D:12     | Reached XP level 12. HP: 109/109 MP: 12/12
 10691 | D:12     | Noticed Psyche
 10706 | D:12     | Killed Psyche
 10706 | D:12     | Reached skill level 15 in Axes
 11049 | D:12     | Noticed Kirke
 11072 | D:12     | Noticed a sphinx
 11080 | D:12     | Killed Kirke
 11080 | D:12     | Reached ****** piety under Makhleb
 11080 | D:12     | Reached skill level 7 in Dodging
 11110 | D:12     | Noticed a centaur warrior
 11124 | D:12     | Killed a centaur warrior
 11132 | D:12     | Reached skill level 12 in Armour
 11472 | Lair:1   | Entered Level 1 of the Lair of Beasts
 11889 | Lair:1   | Reached skill level 16 in Axes
 11907 | Lair:1   | Reached skill level 8 in Dodging
 12273 | Lair:2   | Noticed a five-headed hydra
 12286 | Lair:2   | Killed a one-headed hydra
 13026 | Lair:3   | Got a translucent hat
 13027 | Lair:3   | Identified the +1 hat of the Serpent {rF+} (You found it on level 3 of the Lair of Beasts)
 13076 | Lair:3   | Noticed an eight-headed hydra
 13087 | Lair:3   | Killed a four-headed hydra
 13087 | Lair:3   | Reached skill level 2 in Invocations
 13087 | Lair:3   | Reached XP level 13. HP: 108/116 MP: 12/14
 13093 | Lair:3   | Reached skill level 3 in Invocations
 13313 | Lair:3   | Noticed Snorg
 13330 | Lair:3   | Killed Snorg
 13330 | Lair:3   | Reached skill level 4 in Invocations
 13424 | Lair:3   | Reached skill level 5 in Invocations
 13701 | Lair:3   | Noticed Urug
 13722 | Lair:3   | Killed Urug
 13722 | Lair:3   | Reached skill level 6 in Invocations
 13863 | Lair:4   | Found a dark tunnel.
 13874 | Volcano  | Entered a volcano
 13999 | Volcano  | Noticed Nessos
 14011 | Volcano  | Killed Nessos
 14011 | Volcano  | Reached skill level 7 in Invocations
 14502 | Lair:4   | Reached skill level 8 in Invocations
 15591 | Lair:5   | Reached skill level 8 in Fighting
 15591 | Lair:5   | Reached skill level 9 in Dodging
 15618 | Lair:5   | Found a staircase to the Swamp.
 16193 | Lair:6   | Found a staircase to the Snake Pit.
 16450 | Lair:6   | Reached skill level 13 in Armour
 17108 | Lair:7   | Found a frozen archway.
 17117 | IceCv    | Entered an ice cave
 17146 | IceCv    | Gained mutation: You resist negative energy. (rN+) [Deep Dwarf growth]
 17146 | IceCv    | Reached XP level 14. HP: 122/127 MP: 20/20
 17196 | IceCv    | Reached skill level 10 in Dodging
 17274 | IceCv    | Got a polished dire flail
 17275 | IceCv    | Identified the +11 dire flail "Wuhaguq" {venom, +Blink rElec Int-5} (You acquired it in an ice cave)
 18042 | Lair:8   | Entered Level 8 of the Lair of Beasts
 18248 | Lair:8   | Reached skill level 17 in Axes
 18380 | Lair:8   | Reached skill level 9 in Fighting
 19035 | Lair:8   | Reached skill level 11 in Dodging
 19144 | Lair:8   | Quit the game

Skill      XL: |  1  2  3  4  5  6  7  8  9 10 11 12 13 14 |
---------------+-------------------------------------------+-----
Armour         | 1 2 3 4 5 7 9 10 11 12 13 | 13.8
Axes           | 4 5 6 7 9 11 13 14 16 17 | 17.3
Fighting       | 4 7 8 9 |  9.4
Dodging        | 6 8 9 11 | 11.0
Invocations    | 2 8 |  8.8
Throwing       | |  1.8

Vault maps used:
D:1:      scummos_arrival_gate, hex_medium, st_stairs_9
D:2:      nicolae_ru_sacrificial_ziggurat, uniq_jessica
D:3:      grunt_temple_overflow_order_and_chaos_1,
          nicolae_overflow_crystal_walls, elyvilon_altar_1,
          gammafunk_temple_overflow_forgotten, lemuel_coloured_pillars_altar,
          serial_glass, glass_columns_a, glass_columns_a, first_bread,
          gup_sewer_entry_pipe, hangedman_decor_lopped,
          minmay_gold_behind_fungi, nrook_loot_triangle
D:4:      kennysheep_mini, uniq_natasha
D:5:      lemuel_doored_altar, overflow_temple_1_default, serial_aquarium,
          aquarium_bridge_straight, aquarium_window_corridor_1,
          aquarium_window_1, aquarium_window_corner, aquarium_view_2c,
          aquarium_balcony_5b, aquarium_pool_four, minivault_14
D:6:      minmay_temple_entry_statues_pillars, serial_shops, shop, uniq_grinder
D:7:      lightli_temple_of_fire, lemuel_crystal_altar, enter_bailey_3,
          trog_butcher_becter
D:8:      okawaru_altar_gauntlet_db, grunt_qazlal_sundering, david_lair_generic,
          david_nohive_1
D:9:      serial_undead, serial_undead_a, serial_undead_e, serial_undead_d,
          serial_undead_c, serial_undead_d, serial_undead_b,
          grunt_decor_arrowhead, grunt_ministairs_14, minivault_19
D:10:     serial_co_window_serial, co_window_of_opportunity_a,
          co_window_paths_b, co_window_of_opportunity_a, co_window_paths_a,
          co_window_paths_a, co_window_corner_cb, co_window_paths_c,
          co_window_2corner, co_window_paths_e, co_window_4corner_b,
          glass_columns_b, glass_columns_a, glass_columns_a, glass_columns_a,
          glass_columns_b
D:11:     enter_trove_0
D:12:     kennysheep_big_flooded_room, orc_0_dummy, eino_house_with_fridge,
          uniq_gastronok, uniq_kirke, uniq_psyche
Lair:2:   nicolae_quartered_pool_super, infiniplex_staircase_pool_2
Lair:3:   uniq_snorg, uniq_urug
Lair:4:   enter_volcano_1
Lair:5:   swamp_mist_pool, grunt_megastairs_5
Lair:6:   minmay_snake_entry_guardpost_small, minivault_29
Lair:7:   minmay_slime_entry_oklob_open, portal_ice_cave_rime,
          grunt_megastairs_1
Lair:8:   grunt_lair_end_beastmaster, grunt_megastairs_2, lemuel_fruit_fields,
          infiniplex_staircase_pool
Sewer:    sewer_minmay_w
Bailey:   bailey_polearm_flooded_kennysheep, bailey
IceCv:    ice_cave_tombish
Volcano:  volcano_pools

Vanquished Creatures
  Gastronok Kirke Nessos
  A dire elephant Snorg
  A catoblepas
  4 hydras
  A centaur warrior
  A queen ant
  12 death yaks
  A deep troll shaman Urug
  An unseen horror
  5 hill giants
  2 necromancers
  5 elephants
  2 ice statues
  2 black mambas Psyche
  A gargoyle
  10 spiny frogs
  5 rime drakes
  A yaktaur
  7 komodo dragons
  An ice devil
  A queen bee
  A two-headed ogre
  A troll
  A polar bear Grinder
  3 blink frogs
  A slime creature
  34 yaks
  3 hogs
  2 basilisks
  14 hippogriffs
  6 vampire mosquitoes
  2 mottled dragons
  9 water moccasins
  3 nagas
  20 soldier ants
  7 porcupines
  An eye of draining
  12 orc warriors
  A sky beast
  2 wasps
  A phantom
  3 black bears
  4 ice beasts
  5 necrophages
  7 ogres
  12 centaurs
  19 wolves
  11 crocodiles
  3 big kobolds
  24 giant frogs
  2 wyvern zombies
  2 scorpions
  14 wights
  14 killer bees
  5 howler monkeys
  5 crimson imps
  2 giant frog zombies
  3 centaur zombies
  2 quasits
  5 hounds
  2 jellies
  3 centaur skeletons
  3 orc priests
  3 giant frog skeletons Jessica Natasha
  13 iguanas
  5 orc wizards
  22 worker ants
  A polar bear simulacrum
  10 sheep
  A hound skeleton
  6 gnolls
  13 adders
  66 river rats
  2 shadow imps
  3 oozes
  An adder skeleton
  3 worms
  2 dart slugs
  6 giant geckos
  42 orcs
  21 ball pythons
  6 giant cockroaches
  8 goblins
  10 hobgoblins
  10 jackals
  2 quokkas
  8 bats
  5 giant newts
  A jackal skeleton
  18 kobolds
  A quokka zombie
  29 rats
  A river rat simulacrum
  A bush
  27 fungi
  7 plants
701 creatures vanquished.
